 Dungeon Crawl Stone Soup version 0.30.0 (webtiles) character file.

Game seed: 14227428205292935152

686 Dani the Chopper (level 7, -3/44 (52) HPs)
             Began as a Demonspawn Fighter on May 20, 2023.
             Splashed by a jelly's acid (9 damage)
             ... in a sewer.
             The game lasted 00:08:15 (3815 turns).

Dani the Chopper (Demonspawn Fighter)               Turns: 3815, Time: 00:08:15

HP:   -3/44 (52)    AC:  7    Str: 17    XL:     7   Next: 35%
MP:   7/7           EV:  6    Int: 11    God:
Gold: 136           SH:  4    Dex: 12    Spells: 6/6 levels left

rFire   . . .        p - +0 war axe (elec)
rCold   . . .        c - +0 buckler
rNeg    + . .        b - +1 scale mail
rPois   .            (helmet restricted)
rElec   .            (no cloak)
rCorr   .            (no gloves)
SInv    .            (no boots)
Will    .....        (no amulet) Stlth
                     e - ring of positive energy
HPRegen 0.27/turn    (no ring)
MPRegen 0.10/turn

%: no passive effects
@: constricted, heavily drained
A: antennae 1, ignite blood 2
a: no special abilities


You were in a sewer.
You visited 1 branch of the dungeon, and saw 5 of its levels.
You also visited: Sewer.

You collected 243 gold pieces.
You spent 107 gold pieces at shops.

Inventory:

Hand Weapons
 a - a +1 war axe
 p - a +0 war axe of electrocution (weapon)
   (You bought it in a shop on level 4 of the Dungeon)
Missiles
 l - 4 javelins (quivered)
Armour
 b - a +1 scale mail (worn)
 c - a +0 buckler (worn)
Jewellery
 e - a ring of positive energy (left hand)
   (You found it on level 1 of the Dungeon)
Wands
 i - a wand of polymorph (1)
   (You took it off Robin on level 2 of the Dungeon)
 q - a wand of mindburst (17)
   (You found it on level 5 of the Dungeon)
Scrolls
 h - a scroll of enchant armour
 r - a scroll of vulnerability {unknown}
 t - a scroll of summoning {unknown}
 R - 4 scrolls of identify {@r1}
 T - a scroll of teleportation
Potions
 d - 2 potions of might
 f - a potion of haste {unknown}
 g - 2 potions of heal wounds {unknown}
 j - a potion of curing {unknown}
 k - a potion of invisibility {unknown}
 m - a potion of cancellation {unknown}
 n - a potion of flight {unknown}
 o - 2 potions of lignification {unknown}
 s - a potion of mutation {unknown}


   Skills:
 - Level 3.0 Fighting
 + Level 7.6 Axes
 - Level 2.6 Armour
 - Level 2.6 Shields


You had 6 spell levels left.
You didn't know any spells.
Your spell library contained the following spells:

 Spells                   Type           Power      Damage    Failure   Level
 Freeze                   Ice            0%         1d3       83%         1
 Sting                    Tmut/Pois      0%         1d3       83%         1
 Poisonous Vapours        Pois/Air       0%         N/A       93%         2
 Frozen Ramparts          Ice            0%         1d1       99%         3
 Hailstorm                Conj/Ice       0%         3d3       99%         3
 Olgreb's Toxic Radiance  Pois           0%         N/A       100%        4


Dungeon Overview and Level Annotations

Branches:
Dungeon (5/15)              Sewer (1/1)
 Temple: D:4-7

Altars:
Ru
Wu Jian
Xom

Shops:
D:4 (


Innate Abilities, Weirdness & Mutations

You have a pair of small antennae on your head.
Your demonic aura often causes spilled blood to erupt in flames.


Message History

An endoplasm is nearby!
Found a gate leading back out of this place.
An endoplasm is nearby!
An endoplasm is nearby!
You hit the endoplasm.
The endoplasm is moderately wounded.
The endoplasm freezes you.
You are frozen.
An endoplasm is nearby!
You slash the endoplasm!
You kill the endoplasm!
s - an inky potion
t - a scroll labelled YLAKLEV JEHEMN No target in view!
Key pressed, stopping explore.
No target in view!
You enter the shallow water.
Moving in this stuff is going to be slow.
A frilled lizard comes into view.
The frilled lizard hisses angrily.
You hear an angry hiss.
An adder comes into view.
A river rat comes into view.
There are monsters nearby!
There are monsters nearby!
There are monsters nearby!
The adder hisses angrily.
You enter the shallow water.
Moving in this stuff is going to be slow.
A ball python comes into view.
Your unstable footing causes you to fumble your attack.
The adder completely misses you.
A jelly comes into view.
The jelly quivers.
You slash the adder!
You kill the adder!
You hit the frilled lizard. The frilled lizard barely misses you.
You barely miss the frilled lizard.
The frilled lizard is heavily wounded.
The frilled lizard bites you but does no damage.
You hit the frilled lizard.
Lightning courses through the frilled lizard!
You kill the frilled lizard!
A jelly comes into view.
The jelly is engulfed in a cloud of scalding steam.
You block the ball python's attack. x2
Your unstable footing causes you to fumble your attack.
The jelly quivers.
The river rat bites you.
The jelly is engulfed in blazing flames.
You kill the jelly!
The ball python bites you but does no damage.
The ball python completely misses you.
Your unstable footing causes you to fumble your attack.
The river rat barely misses you.
The ball python bites you but does no damage.
The ball python grabs you. The ball python constricts you.
The river rat bites you but does no damage.
You closely miss the ball python. You closely miss the river rat.
You barely miss the jelly.
The ball python bites you but does no damage.
The ball python constricts you. The ball python barely misses you.
The ball python constricts you. The river rat bites you!
You block the jelly's attack.
Unknown command.
Your unstable footing causes you to fumble your attack.
The ball python bites you but does no damage.
The ball python constricts you. The jelly hits you.
You are splashed with acid!
* * * LOW HITPOINT WARNING * * *
The river rat bites you.
* * * LOW HITPOINT WARNING * * *
Your unstable footing causes you to fumble your attack.
The ball python barely misses you. The ball python constricts you.
The jelly hits you.
* * * LOW HITPOINT WARNING * * *
You are splashed with acid!
* * * LOW HITPOINT WARNING * * *
You block the river rat's attack.
Unknown command.
You are too injured to fight recklessly!
Unknown command.
Unknown command.
You are too injured to fight recklessly!
You are too injured to fight recklessly!
Unknown command.
You escape the ball python's grasp.
The river rat attacks as you move away! The river rat bites you.
* * * LOW HITPOINT WARNING * * *
The jelly attacks as you move away! The jelly barely misses you.
The ball python bites you but does no damage.
The ball python grabs you. The ball python constricts you.
You hit the river rat but do no damage. You completely miss the ball python.
You slash the jelly!
Your hands burn!
* * * LOW HITPOINT WARNING * * *
The jelly completely misses you. You block the river rat's attack.
The ball python closely misses you. The ball python constricts you.
The jelly hits you.
* * * LOW HITPOINT WARNING * * *
You are splashed with acid!
You die...

..## .~~## ~~.##
~~~# ####
######..## #...#
##r...#~..##.~.~.
##∩S@.~~.~.#~.~#
#.†J##~.......#
#~.##..~....~##
#~.#..~##.~~†#
.~~~##.##~~~..##{
.~~~~
###~~~~~†~##
####~~
...~##~~..### ##~
.~~~# ##~~~~~##
## #..# ##~.~~.#


You could see a jelly, a river rat and a ball python.

Vanquished Creatures
  Blork the orc (D:5)
  6 orc priests
  An iguana (D:4)
  2 jellies
  Terence (D:2)
  4 orc wizards
  Robin (D:2)
  4 gnolls
  5 adders
  3 dart slugs
  3 worms (D:2)
  16 orcs
  9 bats
  12 endoplasms
  3 giant cockroaches
  10 goblins
  6 hobgoblins
  A jackal (D:2)
  4 quokkas
  11 ball pythons
  5 frilled lizards
  6 kobolds
  5 rats
119 creatures vanquished.

Notes
Turn   | Place    | Note
-------+----------+-------------------------------------------
     0 | D:1      | Dani the Demonspawn Fighter began the quest for the Orb.
     0 | D:1      | Reached XP level 1. HP: 18/18 MP: 1/1
    23 | D:1      | Reached skill level 2 in Axes
    86 | D:1      | Gained mutation: Your demonic aura sometimes causes spilled
                  | blood to erupt in flames. [demonic ancestry]
    86 | D:1      | Reached XP level 2. HP: 22/24 MP: 2/2
   162 | D:1      | Reached skill level 3 in Axes
   326 | D:1      | Gained mutation: Your demonic aura often causes spilled
                  | blood to erupt in flames. [demonic ancestry]
   326 | D:1      | Reached XP level 3. HP: 29/29 MP: 3/3
   665 | D:2      | Noticed Robin
   895 | D:2      | Killed Robin
   896 | D:2      | Reached skill level 4 in Axes
   896 | D:2      | Gained mutation: You have a pair of small antennae on your
                  | head. [demonic ancestry]
   896 | D:2      | Reached XP level 4. HP: 27/35 MP: 4/4
   986 | D:2      | Noticed Terence
   999 | D:2      | Killed Terence
  1534 | D:3      | Found a sacrificial altar of Ru.
  1535 | D:3      | Found an ornate altar of the Wu Jian Council.
  1699 | D:3      | Found a shimmering altar of Xom.
  1707 | D:3      | Reached XP level 5. HP: 40/41 MP: 5/5
  1760 | D:3      | Reached skill level 5 in Axes
  2492 | D:4      | Reached XP level 6. HP: 34/47 MP: 6/6
  2772 | D:4      | Reached skill level 6 in Axes
  2856 | D:4      | Found Uczud's Weapon Shoppe.
  2863 | D:4      | Bought a +0 war axe of electrocution for 107 gold pieces
  3261 | D:5      | Entered Level 5 of the Dungeon
  3304 | D:5      | Noticed Blork the orc
  3311 | D:5      | Killed Blork the orc
  3342 | D:5      | HP: 10/47 [orc priest/divine providence (13)]
  3485 | D:5      | Reached skill level 7 in Axes
  3487 | D:5      | Reached XP level 7. HP: 34/52 MP: 7/7
  3602 | D:5      | Found a glowing drain.
  3606 | Sewer    | Entered a sewer
  3813 | Sewer    | HP: 10/44 [acid (10)]
  3815 | Sewer    | Splashed by a jelly's acid

Illustrated notes

Levels and vault maps discovered:
D:1:      psy_arrival_whirlpool, layout_rooms, minivault_14, minmay_box_of_dots
D:2:      layout_basic, minmay_cut_off, uniq_terence, uniq_robin
D:3:      layout_rooms, mainiacjoe_overflow_catwalk,
          gammafunk_temple_overflow_forgotten, minmay_cupped
D:4:      layout_loops_ring, serial_shops, nicolae_shop_bloodbath_and_beyond
D:5:      layout_gridville, gup_sewer_entry_bowl, uniq_eustachio,
          uniq_blork_the_orc
Sewer:    sewer_hellmonk_slimy_pipes

Skill      XL: |  1  2  3  4  5  6 |
---------------+-------------------+-----
Axes           | 2 3 4 5 7 |  7.6
Fighting       | |  3.0
Armour         | |  2.6
Shields        | |  2.6

Action                     |  1- 3 |  4- 6 |  7- 9 || total
---------------------------+-------+-------+-------++-------
  Melee: War axe           |    91 |   164 |    66 ||   321
         Unarmed           |     8 |       |       ||     8
    Use: Scroll            |     2 |     8 |       ||    10
 Armour: Scale mail        |    50 |    47 |    37 ||   134
  Dodge: Dodged            |    44 |    66 |    22 ||   132
  Block: Buckler           |    25 |    39 |    13 ||    77

Levels and vault maps discovered:
D:1:      psy_arrival_whirlpool, layout_rooms, minivault_14, minmay_box_of_dots
D:2:      layout_basic, minmay_cut_off, uniq_terence, uniq_robin
D:3:      layout_rooms, mainiacjoe_overflow_catwalk,
          gammafunk_temple_overflow_forgotten, minmay_cupped
D:4:      layout_loops_ring, serial_shops, nicolae_shop_bloodbath_and_beyond
D:5:      layout_gridville, gup_sewer_entry_bowl, uniq_eustachio,
          uniq_blork_the_orc
Sewer:    sewer_hellmonk_slimy_pipes

Table legend: (Time is in decaauts)
 A = Elapsed time spent in this place.
 B = Non-inter-level travel time spent in this place.
 C = Inter-level travel time spent in this place.
 D = Time resting spent in this place.
 E = Time spent auto-exploring this place.
 F = Levels seen in this place.
 G = Mean time per level.
                   A        B        C        D        E       F      G
               +--------+--------+--------+--------+--------+-----+--------+
         Total |   3922 |   3866 |     56 |     31 |   2948 |   6 |  653.7 |
       Dungeon |   3698 |   3642 |     56 |     31 |   2809 |   5 |  739.6 |
         Sewer |    224 |    224 |      0 |      0 |    139 |   1 |  224.0 |
               +--------+--------+--------+--------+--------+-----+--------+

Top non-repeatable levels by time:
     D:4: 1109 daAuts
     D:2: 886 daAuts
     D:3: 791 daAuts
     D:1: 665 daAuts
     D:5: 244 daAuts
   Sewer: 224 daAuts

Table legend:
 A = Kills in this place as a percentage of kills in the entire game.
 B = Kills by you in this place as a percentage of kills by you in the entire game.
 C = Kills by friends in this place as a percentage of kills by friends in the entire game.
 D = Other kills in this place as a percentage of other kills in the entire game.
 E = Experience gained in this place as a percentage of experience gained in the entire game.
 F = Experience gained in this place divided by the number of levels of this place that you have seen.
                   A       B       C       D       E      F
               +-------+-------+-------+-------+-------+----------------------
         Total | 100.0 | 100.0 |   N/A |   N/A | 100.0 | 163.5
       Dungeon |  84.9 |  84.9 |   N/A |   N/A |  90.6 | 177.8
         Sewer |  15.1 |  15.1 |   N/A |   N/A |   9.4 |  92.0
               +-------+-------+-------+-------+-------+----------------------
